 Dungeon Crawl Stone Soup version 0.31-a0-620-gd1cbd99268 (webtiles) character file.

Game seed: 4223874080196038474

36917 Twinkles the Warrior (level 13, 0/134 HPs)
             Began as a Minotaur Berserker on Aug 23, 2023.
             Was a Believer of Lugonu.
             Slain by a death yak (24 damage)
             ... on level 5 of the Lair of Beasts.
             The game lasted 00:26:44 (17401 turns).

Twinkles the Warrior (Minotaur Berserker)          Turns: 17401, Time: 00:26:44

Health: 0/134      AC: 11    Str: 31    XL:     13   Next: 55%
Magic:  13/13      EV: 17    Int:  4    God:    Lugonu [**....]
Gold:   1111       SH:  0    Dex: 18    Spells: 12/12 levels left

rFire   + . .        c - +1 lajatang (venom)
rCold   . . .        (shield currently unavailable)
rNeg    . . .        o - +2 ring mail {rF+}
rPois   .            (helmet restricted)
rElec   .            f - +0 cloak
rCorr   .            (no gloves)
SInv    .            (no boots)
Will    .....        G - amulet of the acrobat
Stlth   ++           v - ring of the Endless Expanse {+Blink Dex+6 Stlth+}
HPRegen 0.42/turn    x - +6 ring of strength
MPRegen 0.13/turn

%: acrobat
@: mighty
A: horns 2, retaliatory headbutt
a: Renounce Religion, Evoke Blink, Depart the Abyss, Banish


You were on level 5 of the Lair of Beasts.
You worshipped Lugonu.
Lugonu was pleased with you.
You visited 2 branches of the dungeon, and saw 15 of its levels.
You visited the Abyss 1 time.
You also visited: Volcano.

You collected 1111 gold pieces.

Inventory:

Hand Weapons
 a - a +0 war axe
 b - a +2 whip of electrocution
 c - a +1 lajatang of venom (weapon)
Missiles
 s - 9 boomerangs
 D - 22 poisoned darts
 Q - a throwing net
Armour
 f - a +0 cloak (worn)
 n - a +1 chain mail of fire resistance
 o - a +2 ring mail of fire resistance (worn)
 H - a +1 plate armour of fire resistance
Jewellery
 g - an amulet of magic regeneration
 h - a ring of protection from cold
 v - the ring of the Endless Expanse (left hand) {+Blink Dex+6 Stlth+}
   (You found it on level 5 of the Dungeon)

   [ring of dexterity]

   Dex+6:     It affects your dexterity (+6).
   +Blink:    It lets you blink.
   Stlth+:    It makes you more stealthy.
 x - a +6 ring of strength (right hand)
 F - the ring "Assy" {Contam Str+6 Int+3 Dex+3}
   (You found it on level 7 of the Dungeon)

   [ring of strength]

   Str+6:     It affects your strength (+6).
   Int+3:     It affects your intelligence (+3).
   Dex+3:     It affects your dexterity (+3).
   Contam:    It causes magical contamination when unequipped.
 G - an amulet of the acrobat (around neck)
 R - a +6 ring of intelligence
Wands
 d - a wand of digging (14)
 e - a wand of charming (10)
 i - a wand of iceblast (30)
 j - a wand of polymorph (4)
 q - a wand of flame (39)
 y - a wand of mindburst (8)
 B - a wand of quicksilver (5)
Scrolls
 k - a scroll of enchant weapon {unknown}
 l - 3 scrolls of amnesia
 p - 2 scrolls of fear {unknown}
 t - 2 scrolls of poison {unknown}
 u - a scroll of fog {unknown}
 w - 3 scrolls of teleportation {unknown}
 E - 2 scrolls of enchant armour {unknown}
 J - a scroll of revelation {unknown}
 K - 5 scrolls of immolation
 O - a scroll of silence {unknown}
 V - 3 scrolls of vulnerability
 Z - a scroll of identify
Potions
 m - 2 potions of attraction {unknown}
 r - 2 potions of enlightenment {unknown}
 z - 2 potions of mutation {unknown}
 A - 2 potions of haste {unknown}
 C - 2 potions of cancellation
 I - 2 potions of invisibility
 L - a potion of magic {unknown}
 M - a potion of might
 N - 3 potions of heal wounds
 P - 4 potions of lignification


   Skills:
 + Level 18.2 Fighting
 - Level 15.1 Axes
 + Level 11.4 Armour
 - Level 10.2 Dodging
 + Level 1.8 Invocations


You had 12 spell levels left.
You didn't know any spells.
Your spell library was empty.

Dungeon Overview and Level Annotations

Branches:
Dungeon (10/15) Zot: 26471  Temple (0/1) D:6            Lair (5/5) D:8 Zot: 21575
 Shoals (0/4) Lair:3       Spider (0/4) Lair:2        Slime (0/5) Lair:5
Volcano (visited)
    Orc: D:9-12

Altars:
Gozag

Shops:
D:6 :   D:9 (

Annotations:
D:6 2 runed translucent doors
D:9 Jeremiah
Lair:1 Urug
Lair:2 3 runed translucent doors, Wokir's ghost, journeyman DsEn
Lair:4 3 exclusions
Lair:5 2 transporters, Dittersdorf's ghost, journeyman GrFi


Innate Abilities, Weirdness & Mutations

You have a pair of horns on your head.
You reflexively headbutt those who attack you in melee.


Message History

You completely miss the death yak. You headbutt the death yak!
The death yak is moderately wounded.
The death yak barely misses you. You furiously retaliate!
You headbutt the death yak! The death yak gores you!
You hit the death yak.
The death yak is poisoned.
The death yak is moderately wounded.
The death yak gores you!!
* * * LOW HITPOINT WARNING * * *
You hear a bellow!
The death yak bellows!
Okay, then.
Unknown command.
You feel much better.
The death yak bellows!
The death yak closely misses you.
You feel very mighty all of a sudden. The death yak barely misses you.
You hear a bellow!
You hit the death yak.
The death yak looks as sick as possible!
You headbutt the death yak!
The death yak is severely wounded.
You hear a bellow!
The death yak closely misses you.
You hit the death yak but do no damage.
The death yak looks as sick as possible!
The death yak is severely wounded.
The death yak gores you!!
* * * LOW HITPOINT WARNING * * *
The death yak gores you but does no damage.
You slash the death yak!
The death yak is poisoned.
You headbutt the death yak!
The death yak is moderately wounded.
The death yak gores you.
* * * LOW HITPOINT WARNING * * *
The death yak gores you!
* * * LOW HITPOINT WARNING * * *
You hit the death yak.
The death yak looks as sick as possible!
The death yak is almost dead.
The death yak gores you!!
You die...

....#### #P...P...#
.....#.### #.....####
#.##.....# #....##
####.....# ##.P##
##.......#### #..##
...>..#..Y.P# ####.##
....$.......## #....##
........†...Y#######..#.#
...............#@###..###
#..............Y#Y#....#
#..........P.....##...##
#........†............#
##...........##......##
##..........###......#
#.#..........###....##
###.P......### ###P..#
####.##P#. #####


You could see 2 death yaks.

Vanquished Creatures
  A hydra (Lair:2)
  2 centaur warriors (D:9)
  2 two-headed ogres (D:8)
  7 death yaks
  A sun demon (Volcano)
  A skeletal warrior (D:9)
  A skyshark (Lair:3)
  A lindwurm (Lair:5)
  A deep elf pyromancer (D:9)
  An ugly thing (D:9)
  2 black mambas
  6 elephants
  10 cane toads
  2 merfolk sirens (Lair:3)
  A smoke demon (Lair:5)
  4 rime drakes
  8 komodo dragons
  A troll (D:9)
  2 merfolk (Lair:3)
  A polar bear (Lair:5)
  A red devil (Volcano)
  24 blink frogs
  4 small abominations (Lair:5)
  A jumping spider (Lair:2)
  A spriggan (Lair:5)
  A ynoxinul (D:10)
  5 wyverns
  A slime creature (D:9)
  19 yaks
  2 basilisks
  A chaos spawn (D:10)
  2 steam dragons
  Grum (D:9)
  An acid dragon (D:9)
  2 hell hounds (Volcano)
  14 water moccasins
  3 orc warriors
  27 wolves
  2 centaurs
  A kobold brigand (D:7)
  9 bullfrogs
  4 scorpions
  10 wights
  5 howler monkeys
  4 electric eels (Lair:1)
  A quasit (D:10)
  2 gnoll boudas
  6 hounds
  4 orc priests
  3 jellies
  4 iguanas
  6 orc wizards
  Terence (D:3)
  Robin (D:3)
  5 adders
  11 gnolls
  A shadow imp (D:6)
  2 white imps
  2 ufetubi
  A worm (D:4)
  2 dart slugs (D:1)
  18 orcs
  5 ball pythons
  5 bats
  10 endoplasms
  3 giant cockroaches
  16 goblins
  9 hobgoblins
  9 jackals
  8 kobolds
  2 quokkas (D:3)
  5 frilled lizards
  5 rats
347 creatures vanquished.

Notes
Turn   | Place    | Note
-------+----------+-------------------------------------------
     0 | D:1      | Twinkles the Minotaur Berserker began the quest for the
                  | Orb.
     0 | D:1      | Reached XP level 1. HP: 19/19 MP: 0/0
    98 | D:1      | Reached XP level 2. HP: 27/27 MP: 1/1
   131 | D:1      | You fall into a shaft and drop 1 floor!
   315 | D:1      | Reached skill level 4 in Fighting
   436 | D:1      | Reached XP level 3. HP: 33/33 MP: 2/2
  1075 | D:2      | Reached ** piety under Trog
  1640 | D:3      | Reached XP level 4. HP: 31/40 MP: 3/3
  1641 | D:3      | Noticed Robin
  1649 | D:3      | HP: 1/40 [Robin/+2 whip of electrocution (18)]
  1650 | D:3      | Killed Robin
  1822 | D:3      | Noticed Terence
  1828 | D:3      | Killed Terence
  1995 | D:3      | Reached XP level 5. HP: 46/47 MP: 4/4
  2053 | D:3      | Reached *** piety under Trog
  2205 | D:4      | Reached skill level 5 in Axes
  2233 | D:4      | Reached skill level 5 in Fighting
  2322 | D:4      | Reached XP level 6. HP: 56/56 MP: 5/5
  2350 | D:3      | Reached skill level 6 in Fighting
  2801 | D:4      | Reached XP level 7. HP: 58/64 MP: 6/6
  2995 | D:5      | Entered Level 5 of the Dungeon
  3257 | D:5      | Reached skill level 7 in Fighting
  3299 | D:5      | Identified the ring of the Endless Expanse {+Blink Dex+6
                  | Stlth+}
  3694 | D:6      | Found a runed translucent door.
  3696 | D:6      | Found a runed translucent door.
  3775 | D:6      | Found Misk's Self-Improvement Boutique.
  3997 | D:6      | Reached skill level 8 in Fighting
  4094 | D:6      | Reached XP level 8. HP: 46/74 MP: 7/7
  4223 | D:6      | Reached **** piety under Trog
  4426 | D:6      | Found a staircase to the Ecumenical Temple.
  4885 | D:7      | Reached skill level 9 in Fighting
  4967 | D:7      | Identified the ring "Assy" {Contam Str+6 Int+3 Dex+3}
  5169 | D:7      | Found an opulent altar of Gozag.
  5424 | D:7      | Reached skill level 10 in Axes
  5642 | D:8      | Noticed a two-headed ogre
  5649 | D:8      | Killed a two-headed ogre
  5650 | D:8      | Reached skill level 10 in Fighting
  5650 | D:8      | Reached XP level 9. HP: 86/86 MP: 8/8
  5715 | D:8      | Found a staircase to the Lair.
  5723 | D:8      | Noticed a komodo dragon
  5739 | D:8      | Killed a komodo dragon
  5740 | D:8      | Reached skill level 11 in Fighting
  5848 | D:8      | Noticed a two-headed ogre
  5855 | D:8      | Killed a two-headed ogre
  6200 | D:8      | Reached skill level 12 in Fighting
  6547 | D:9      | Found Zaopt's Weapon Shoppe.
  6582 | D:9      | Noticed Grum
  6593 | D:9      | Killed Grum
  6596 | D:9      | Reached XP level 10. HP: 93/97 MP: 9/9
  6660 | D:9      | Noticed a red ugly thing
  6676 | D:9      | Killed a red ugly thing
  6935 | D:9      | Found a runed translucent door.
  6962 | D:9      | Noticed a centaur warrior
  6969 | D:9      | Killed a centaur warrior
  6970 | D:9      | Reached skill level 13 in Fighting
  7023 | D:9      | Noticed a centaur warrior
  7029 | D:9      | Killed a centaur warrior
  7061 | D:9      | Noticed a deep elf pyromancer
  7061 | D:9      | Noticed a skeletal warrior
  7068 | D:9      | Killed a deep elf pyromancer
  7076 | D:9      | Killed a skeletal warrior
  7077 | D:9      | Reached skill level 14 in Fighting
  7199 | D:9      | Identified the staff "Worm" {rF+ Dex+3 Stlth+ Fire}
  7239 | D:9      | Noticed Jeremiah
  7260 | D:9      | HP: 27/97 [Jeremiah/divine providence (14)]
  8059 | D:9      | Reached XP level 11. HP: 63/107 MP: 10/10
  8544 | D:10     | Entered Level 10 of the Dungeon
  9014 | D:10     | Noticed a sun demon
  9061 | Lair:1   | Entered Level 1 of the Lair of Beasts
  9084 | Lair:1   | HP: 38/163 [yak (13)]
  9089 | Lair:1   | HP: 22/166 [yak (5)]
  9705 | Lair:1   | Reached skill level 15 in Axes
  9785 | Lair:1   | Reached skill level 15 in Fighting
 10826 | Lair:2   | Found a runed translucent gate.
 10832 | Lair:2   | Found a runed translucent gate.
 10833 | Lair:2   | Found a runed translucent gate.
 10833 | Lair:2   | Noticed Wokir's ghost (journeyman DsEn)
 10853 | Lair:2   | You fall into a shaft and drop 1 floor!
 11050 | Lair:3   | Reached skill level 5 in Armour
 11128 | Lair:2   | Noticed an eight-headed hydra
 11137 | Lair:2   | Killed an eight-headed hydra
 11138 | Lair:2   | Reached skill level 5 in Dodging
 11149 | Lair:2   | Noticed Urug
 11665 | Lair:2   | Found a hole to the Spider Nest.
 11950 | Lair:2   | Reached skill level 16 in Fighting
 11950 | Lair:2   | Reached XP level 12. HP: 81/122 MP: 11/11
 12501 | Lair:3   | Noticed a death yak
 12501 | Lair:3   | Noticed a death yak
 12502 | Lair:3   | Noticed a death yak
 12518 | Lair:3   | Killed a death yak
 12521 | Lair:3   | Killed a death yak
 12719 | Lair:3   | HP: 48/186 [blink frog (11)]
 12959 | Lair:3   | Found a staircase to the Shoals.
 13501 | Lair:3   | Noticed a death yak
 13509 | Lair:3   | Noticed a death yak
 13521 | Lair:3   | Killed a death yak
 13522 | Lair:3   | Reached skill level 17 in Fighting
 13524 | Lair:3   | Killed a death yak
 13528 | Lair:3   | Killed a death yak
 14883 | Lair:4   | Reached XP level 13. HP: 133/133 MP: 12/12
 14902 | Lair:4   | Reached skill level 10 in Armour
 15029 | Lair:4   | Found a dark tunnel.
 15043 | Volcano  | Entered a volcano
 16188 | Lair:5   | Entered Level 5 of the Lair of Beasts
 16202 | Lair:5   | Reached ***** piety under Trog
 16239 | Abyss:1  | Found a corrupted altar of Lugonu.
 16239 | Abyss:1  | Cast into level 1 of the Abyss (spriggan)
 16326 | Abyss:1  | Fell from the grace of Trog
 16326 | Abyss:1  | Became a worshipper of Lugonu the Unformed
 16326 | Abyss:1  | Reached * piety under Lugonu
 16326 | Abyss:1  | Reached ** piety under Lugonu
 16327 | Lair:5   | Escaped the Abyss
 16602 | Lair:5   | Reached skill level 10 in Dodging
 16619 | Lair:5   | Reached skill level 18 in Fighting
 16748 | Lair:5   | Found a transporter.
 16753 | Lair:5   | Noticed Dittersdorf's ghost (journeyman GrFi)
 16984 | Lair:5   | Found a transporter.
 17031 | Lair:5   | Found a staircase to the Slime Pits.
 17248 | Lair:5   | Reached skill level 1 in Invocations
 17395 | Lair:5   | HP: 28/134 [death yak (23)]
 17400 | Lair:5   | HP: 32/134 [death yak (6)]
 17401 | Lair:5   | Slain by a death yak

Illustrated notes

Levels and vault maps discovered:
D:1:      giann_bridges, layout_loops_corners
D:2:      layout_basic, nrook_mini_backslash
D:3:      layout_basic, uniq_robin, uniq_terence
D:4:      layout_rooms
D:5:      layout_gridville, minmay_door_square
D:6:      lemuel_insect_pit, layout_loops_corners,
          minmay_temple_entry_antechambers, nicolae_shop_self_help
D:7:      layout_basic, mainiacjoe_overflow_catwalk, serial_rivers,
          chequers_serial_rivers_micro_c, chequers_serial_rivers_room_a,
          chequers_serial_rivers_micro_d, chequers_serial_rivers_room_a,
          minmay_misc_feat_nine_boxes
D:8:      layout_basic, david_lair_shrubbed
D:9:      layout_loops_ring, serial_shops, nicolae_shop_statue_plus,
          minivault_13, uniq_grum, uniq_jeremiah
D:10:     layout_layer_cave, serial_demonic, serial_demonic_d, serial_demonic_b,
          serial_demonic_g, serial_demonic_a, serial_demonic_c,
          serial_demonic_d, disabler_island
Lair:1:   layout_cave_pods, serial_bayou, serial_bayou_lake_a,
          serial_bayou_pond_e, serial_bayou_ford_a, serial_bayou_pond_e,
          serial_bayou_pond_b, minivault_27
Lair:2:   layout_gridlike, spider_nest_entry_rubble, ebering_ghost_rock_garden,
          uniq_urug
Lair:3:   layout_layer_cave, elwin_shoals_entry_stream,
          chequers_serial_rivers_micro_a, beast_lair_carwin_3,
          lemuel_fruit_fields
Lair:4:   layout_regular_city, enter_volcano_1, lemuel_fruit_fields,
          infiniplex_staircase_pool
Lair:5:   hellmonk_lair_end_abyssal_woods, layout_cave_pods, slime_entry_1,
          gammafunk_ghost_berserking_beasts, small_statue_intersection,
          minmay_stone_trees_medium

Skill      XL: |  1  2  3  4  5  6  7  8  9 10 11 12 13 |
---------------+----------------------------------------+-----
Axes           | 4 5 6 8 10 12 14 15 | 15.1
Fighting       | 4 5 6 8 10 12 14 16 17 18 | 18.2
Armour         | 3 6 9 11 | 11.4
Dodging        | 3 6 9 10 | 10.2
Invocations    | 1 |  1.8

Action                     |  1- 3 |  4- 6 |  7- 9 | 10-12 | 13-15 || total
---------------------------+-------+-------+-------+-------+-------++-------
  Melee: Hand axe          |    69 |    29 |       |       |       ||    98
         Headbutt          |     9 |    16 |    32 |    96 |    43 ||   196
         Whip              |       |    87 |   164 |    55 |       ||   306
         Punch             |       |     1 |     3 |       |       ||     4
         War axe           |       |       |    11 |    21 |       ||    32
         Lajatang          |       |       |       |   301 |   154 ||   455
 Invoke: Trog's Hand       |       |     1 |       |     3 |     2 ||     6
         Berserk           |       |       |     5 |    18 |     2 ||    25
         Depart the Abyss  |       |       |       |       |     1 ||     1
  Evoke: Wand              |       |       |       |     8 |       ||     8
    Use: Scroll            |       |       |       |    10 |       ||    10
         Potion            |       |       |       |       |     2 ||     2
 Armour: Animal skin       |     8 |     4 |       |       |       ||    12
         Chain mail        |       |    36 |    64 |   172 |    10 ||   282
         Ring mail         |       |       |       |       |    36 ||    36
  Dodge: Dodged            |    45 |    78 |    81 |   370 |   188 ||   762

Table legend: (Time is in decaauts)
 A = Elapsed time spent in this place.
 B = Non-inter-level travel time spent in this place.
 C = Inter-level travel time spent in this place.
 D = Time resting spent in this place.
 E = Time spent auto-exploring this place.
 F = Levels seen in this place.
 G = Mean time per level.
                   A        B        C        D        E       F      G
               +--------+--------+--------+--------+--------+-----+--------+
         Total |  17875 |  17385 |    490 |   2036 |  12705 |  17 | 1051.5 |
       Dungeon |   9166 |   8849 |    317 |   1026 |   6509 |  10 |  916.6 |
          Lair |   8421 |   8248 |    173 |    913 |   6110 |   5 | 1684.2 |
         Abyss |     97 |     97 |      0 |      0 |     72 |   1 |   97.0 |
       Volcano |    189 |    189 |      0 |     97 |     13 |   1 |  189.0 |
               +--------+--------+--------+--------+--------+-----+--------+

Top non-repeatable levels by time:
  Lair:3: 2866 daAuts
  Lair:1: 1824 daAuts
     D:9: 1788 daAuts
  Lair:4: 1667 daAuts
     D:8: 1392 daAuts
  Lair:2: 1273 daAuts
     D:6: 1235 daAuts
     D:1: 1048 daAuts
     D:7: 849 daAuts
  Lair:5: 790 daAuts
     D:3: 757 daAuts
     D:4: 676 daAuts
     D:2: 516 daAuts
     D:5: 505 daAuts
    D:10: 396 daAuts
